 Dungeon Crawl Stone Soup version 0.30-a0-870-gc5d4c5acee (webtiles) character file.

Game seed: 6474181504179897270

70466 Orangeyouglad the Covert (level 15, -24/121 HPs)
             Began as a Human Wanderer on Mar 10, 2023.
             Was the Champion of Dithmenos.
             Annihilated by a very large slime creature (50 damage)
             ... on level 13 of the Dungeon on Mar 11, 2023.
             The game lasted 01:42:34 (27629 turns).

Orangeyouglad the Covert (Human Wanderer)          Turns: 27629, Time: 01:42:35

Health: -24/121    AC: 24    Str: 22    XL:     15   Next: 78%
Magic:  18/18      EV: 14    Int: 15    God:    Dithmenos [******]
Gold:   2063       SH:  6    Dex: 20    Spells: 13/18 levels left

rFire   . . .      SeeInvis +    k - +6 dagger of Diet Blood {drain, *Corrode +Blink Str+8 Dex+4}
rCold   . . .      Faith    .    s - +0 buckler
rNeg    . . .      Spirit   .    a - +0 shadow dragon scales
rPois   .          Reflect  .    p - +1 helmet {SInv}
rElec   .          Rampage  .    b - +0 cloak
rCorr   +                        (no gloves)
Will    ++...                    z - +2 pair of boots Stlth ***+++++++
                                 c - amulet of regeneration
HPRegen 1.20/turn                y - ring of resist corrosion
MPRegen 0.16/turn                V - ring of willpower

@: wreathed by umbra
A: no striking features
a: Renounce Religion, Evoke Blink, Shadow Step, Shadow Form


You were on level 13 of the Dungeon.
You worshipped Dithmenos.
Dithmenos was exalted by your worship.
You visited 3 branches of the dungeon, and saw 19 of its levels.

You collected 2152 gold pieces.
You spent 89 gold pieces at shops.

Inventory:

Hand Weapons
 k - the +6 dagger of Diet Blood (weapon) {drain, *Corrode +Blink Str+8 Dex+4}
   (You found it on level 2 of the Dungeon)

   Str:       It affects your strength (+8).
   Dex:       It affects your dexterity (+4).
   +Blink:    It lets you blink.
   *Corrode:  It may corrode you when you take damage.
 H - the +6 rapier "Kogidegu" {flame, rElec}
   (You found it on level 8 of the Dungeon)

   rElec:     It insulates you from electricity.
 T - the +9 sling of Regicide {antimagic, rF+ Int-5 Dex+9 Stlth+}
   (You found it on level 1 of the Lair of Beasts)

   Int:       It affects your intelligence (-5).
   Dex:       It affects your dexterity (+9).
   rF:        It protects you from fire.
   Stlth:     It makes you more stealthy.
Missiles
 f - 2 silver boomerangs
 i - 46 poisoned darts
 x - 7 boomerangs
 B - 10 javelins (quivered)
 X - 3 curare-tipped darts
Armour
 a - +0 shadow dragon scales (worn)
 b - a +0 cloak (worn)
 p - a +1 helmet of see invisible (worn)
 s - a +0 buckler (worn)
 z - a +2 pair of boots (worn)
Jewellery
 c - an amulet of regeneration (around neck)
 l - an amulet of magic regeneration
 v - a ring of protection from cold
 y - a ring of resist corrosion (left hand)
 V - a ring of willpower (right hand)
 W - a +5 ring of evasion
Wands
 I - a wand of digging (5)
 J - a wand of flame (16)
 K - a wand of mindburst (4)
 O - a wand of polymorph (2)
Scrolls
 g - 2 scrolls of magic mapping
 h - 4 scrolls of brand weapon
 j - a scroll of amnesia
 m - a scroll of acquirement {unknown}
 n - 3 scrolls of poison {unknown}
 o - 2 scrolls of silence {unknown}
 r - 4 scrolls of enchant weapon
 u - a scroll of enchant armour {unknown}
 F - 2 scrolls of blinking
 M - 2 scrolls of immolation {unknown}
 N - 3 scrolls of vulnerability
 P - a scroll of torment {unknown}
 S - 2 scrolls of identify
 U - a scroll of fog
 Y - a scroll of teleportation
Potions
 d - 2 potions of resistance
 e - 7 potions of lignification
 q - 2 potions of attraction
 t - 4 potions of haste {unknown}
 w - 2 potions of curing
 A - 3 potions of flight {unknown}
 C - 3 potions of brilliance
 E - 4 potions of cancellation
 G - a potion of mutation {unknown}
 L - 5 potions of might {unknown}
 R - 3 potions of heal wounds {unknown}
Miscellaneous
 D - a piece from Xom's chessboard (15/15)
 Q - a condenser vane (inert)


   Skills:
 + Level 12.2 Fighting
 - Level 10.0 Short Blades
 + Level 1.0 Throwing
 + Level 11.1 Armour
 - Level 10.1 Dodging
 - Level 13.0 Stealth
 + Level 6.5 Shields
 - Level 2.0 Spellcasting
 - Level 0.1 Transmutations
 + Level 2.8 Earth Magic
 - Level 4.3 Poison Magic
 - Level 5.0 Invocations
 - Level 7.4 Evocations


You had 13 spell levels left.
You knew the following spells:

 Your Spells              Type           Power      Damage    Failure   Level
a - Sting                 Tmut/Pois      32%        1d4       54%         1
b - Poisonous Vapours     Pois/Air       14%        N/A       71%         2
c - Passwall              Tmut/Erth      5%         N/A       78%         2

Your spell library contained the following spells:

 Spells                   Type           Power      Damage    Failure   Level
 Sandblast                Erth           20%        2d7       45%         1
 Beastly Appendage        Tmut           2%         N/A       83%         1
 Apportation              Tloc           2%         N/A       85%         1
 Necrotise                Necr           4%         1d4       85%         1
 Summon Small Mammal      Summ           4%         N/A       85%         1
 Spider Form              Tmut/Pois      8%         N/A       89%         3
 Wereblood                Tmut           1%         N/A       93%         2
 Blink                    Tloc           2%         N/A       94%         2
 Stone Arrow              Conj/Erth      10%        3d7       95%         3
 Olgreb's Toxic Radiance  Pois           14%        N/A       95%         4
 Summon Guardian Golem    Hex/Summ       1%         N/A       99%         3
 Cause Fear               Hex            0%         N/A       100%        4
 Manifold Assault         Tloc           1%         N/A       100%        4
 Petrify                  Tmut/Erth      6%         N/A       100%        4
 Freezing Cloud           Conj/Ice/Air   0%         6-21      100%        5
 Metabolic Englaciation   Hex/Ice        0%         N/A       100%        5
 Simulacrum               Ice/Necr       0%         N/A       100%        6
 Statue Form              Tmut/Erth      4%         N/A       100%        6
 Dragon Form              Tmut           0%         N/A       100%        7
 Orb of Destruction       Conj           0%         9d5       100%        7
 Spellforged Servitor     Conj/Summ      0%         N/A       100%        7
 Storm Form               Tmut/Air       0%         N/A       100%        7
 Dragon's Call            Summ           0%         N/A       100%        9
 Polar Vortex             Ice            0%         N/A       100%        9


Dungeon Overview and Level Annotations

Branches:
Dungeon (13/15) Temple (1/1) D:5 Lair (5/5) D:10 Shoals (0/4) Lair:2 Spider (0/4) Lair:2 Slime (0/5) Lair:4 Orc (0/2) D:9 Vaults (0/5) D:12 D:13

Altars:
Ashenzari
Cheibriados
Dithmenos
Elyvilon
Fedhas
Gozag
Hepliaklqana
Kikubaaqudgha
Makhleb
Nemelex Xobeh
Okawaru
Qazlal
Ru
Sif Muna
Trog
Uskayaw
Vehumet
Wu Jian
Xom
Yredelemnul
Zin
The Shining One
Jiyva

Shops:
D:8 (   D:12 ?   D:13 *

Annotations:
Lair:4 baller8008's ghost, journeyman DECj


Message History

You throw a javelin.
The javelin pierces through the very large slime creature.
The very large slime creature is moderately wounded.
The javelin completely misses the orc.
The javelin pierces through the cyclops.
The cyclops is moderately wounded.
The javelin pierces through the orc!!
You kill the orc!
Dithmenos accepts your kill.
Throw: 12 javelins
Press: ? - help, Q - select action, (/) - cycle Shift-Dir - straight line, f/p - cyclops
Aim: a cyclops, quivering large rocks (moderately wounded, umbra, 88% to hit)
You throw a javelin.
The javelin pierces through the very large slime creature!
The very large slime creature is moderately wounded.
The javelin pierces through the orc.
The orc is moderately wounded.
The javelin pierces through the cyclops.
The cyclops is moderately wounded.
The very large slime creature hits you!!!
You emit a cloud of dark smoke.
The very large slime creature hits you but does no damage.
Throw: 11 javelins
Press: ? - help, Q - select action, (/) - cycle Shift-Dir - straight line, f/p - cyclops
Aim: a cyclops, quivering large rocks (black smoke, moderately wounded, umbra, 88% to hit)
You throw a javelin.
The javelin pierces through the very large slime creature!
The very large slime creature is moderately wounded.
The javelin pierces through the cyclops but does no damage.
The cyclops is moderately wounded.
Dithmenos accepts your kill.
You feel a bit more experienced.
Your shadow throws a javelin.
The javelin barely misses the very large slime creature.
The javelin pierces through the cyclops!
The very large slime creature hits you!!!
* * * LOW HITPOINT WARNING * * *
You emit a cloud of dark smoke.
The very large slime creature attacks as you move away!
The very large slime creature hits you!!!
You die...

###########
#...(((...#
#..>......+
+.........#
#.....)...#
#.....o...#
#....oC§..#
######J####
##@# ##§§#
###..##
#...##
###'#######
#.........#
#.........+
#.........#
#.........#


You could see a very large slime creature, a cyclops and an orc.

Vanquished Creatures
  Nessos (Lair:5)
  Erolcha (D:12)
  4 hydras
  Erica (D:8)
  2 boulder beetles
  3 centaur warriors
  3 two-headed ogres
  Urug (Lair:4)
  2 skysharks (Lair:5)
  A death drake (shapeshifter) (D:9)
  Lodul (D:11)
  2 goliath frogs (Lair:5)
  Pikel (D:7)
  2 deep elf pyromancers (D:12)
  3 ugly things
  An orc knight (D:12)
  6 cyclopes
  A manticore (D:11)
  5 elephants (Lair:5)
  Joseph (D:8)
  5 black mambas
  A torpor snail (Lair:5)
  An eye of devastation (Lair:5)
  20 cane toads
  Maggie (D:6)
  4 gargoyles
  A rime drake (Lair:5)
  An efreet (D:11)
  An orange demon (Lair:1)
  A kobold demonologist (D:12)
  9 komodo dragons
  4 unseen horrors
  A tengu conjurer (D:13)
  A queen bee (D:11)
  2 tyrant leeches (Lair:5)
  3 meliai
  2 polar bears (Lair:4)
  3 trolls
  Prince Ribbit (D:7)
  27 blink frogs
  Sigmund (D:3)
  58 yaks
  9 slime creatures
  6 wyverns
  9 basilisks
  2 shadows (D:11)
  A wraith (D:13)
  13 vampire mosquitoes
  16 humans
  3 steam dragons
  A warg (D:9)
  An acid dragon (D:13)
  9 water moccasins
  9 orc warriors
  An ice beast (D:7)
  A black bear (D:8)
  18 wolves
  10 ogres
  15 centaurs
  2 phantoms
  A lemure (D:7)
  6 kobold brigands
  19 bullfrogs
  A gnoll sergeant (D:11)
  6 necrophages
  33 killer bees
  An electric eel (Lair:5)
  6 howler monkeys
  A bullfrog zombie (D:7)
  A lava snake (D:7)
  A centaur zombie (D:7)
  3 jellies
  6 hounds
  8 orc priests
  A gnoll bouda (D:9)
  3 sleepcaps
  3 iguanas
  19 orc wizards
  7 adders
  16 gnolls
  2 white imps (D:6)
  A worm (D:2)
  A dart slug (D:3)
  79 orcs
  5 bats
  5 endoplasms
  4 giant cockroaches
  8 goblins
  4 hobgoblins
  3 jackals (D:4)
  19 kobolds
  3 quokkas
  8 ball pythons
  A frilled lizard (D:2)
  3 rats
604 creatures vanquished.

Vanquished Creatures (others)
  A centaur simulacrum (D:11)
  An orc warrior (D:8)
  58 fungi
  182 plants
  A withered plant (D:12)
243 creatures vanquished.

Grand Total: 847 creatures vanquished

Notes
Turn   | Place    | Note
-------+----------+-------------------------------------------
     0 | D:1      | Orangeyouglad the Human Wanderer began the quest for the
                  | Orb.
     0 | D:1      | Orangeyouglad set off with the following items: a +0
                  | dagger, a +0 cloak, a scroll of teleportation, a +0 robe, a
                  | potion of lignification; and the following spell memorised:
                  | Sting; and the following spells available to memorise:
                  | Poisonous Vapours, Olgreb's Toxic Radiance.
     0 | D:1      | Reached XP level 1. HP: 15/15 MP: 2/2
   395 | D:1      | Reached XP level 2. HP: 14/21 MP: 0/3
  1003 | D:2      | Learned a level 2 spell: Poisonous Vapours
  1009 | D:2      | Identified the +6 dagger of Diet Blood {drain, *Corrode
                  | +Blink Str+8 Dex+4}
  1037 | D:2      | Reached XP level 3. HP: 26/26 MP: 3/5
  1154 | D:2      | Identified the +0 robe of Integrity {+Inv rElec rPois}
  1421 | D:2      | Reached XP level 4. HP: 32/33 MP: 6/6
  1835 | D:3      | Noticed Sigmund
  1897 | D:3      | Found a faded altar of an unknown god.
  1954 | D:3      | Found a snail-covered altar of Cheibriados.
  2143 | D:3      | Found a burning altar of Makhleb.
  2145 | D:3      | Noticed an Executioner
  2149 | D:3      | Noticed a smoke demon
  2149 | D:3      | Noticed a ynoxinul
  2220 | D:4      | Noticed a phantom
  2346 | D:4      | Reached XP level 5. HP: 38/38 MP: 5/7
  2411 | D:4      | Reached skill level 1 in Armour
  2474 | D:4      | Reached skill level 3 in Stealth
  2714 | D:4      | Found a hazy altar of Hepliaklqana.
  3192 | D:4      | Killed a phantom
  3193 | D:4      | Reached skill level 1 in Evocations
  3193 | D:4      | Reached XP level 6. HP: 46/46 MP: 9/9
  3324 | D:5      | Entered Level 5 of the Dungeon
  3347 | D:5      | Found a staircase to the Ecumenical Temple.
  3366 | Temple   | Entered the Ecumenical Temple
  3405 | Temple   | Became a worshipper of Dithmenos the Shadowed
  3615 | D:5      | Found a blossoming altar of Fedhas.
  3620 | D:5      | Found a stormy altar of Qazlal.
  3773 | D:5      | Noticed an ogre
  4007 | D:5      | Killed an ogre
  4008 | D:5      | Reached XP level 7. HP: 52/52 MP: 10/10
  4249 | D:4      | Upgraded the game from 0.30-a0-862-g1aabd4f9c5 to
                  | 0.30-a0-867-g305f33218d
  4566 | D:5      | Reached skill level 4 in Stealth
  4792 | D:6      | Reached * piety under Dithmenos
  5001 | D:3      | Reached XP level 8. HP: 59/59 MP: 11/11
  5168 | D:3      | Killed Sigmund
  5649 | D:6      | Reached skill level 5 in Stealth
  5745 | D:6      | Noticed Maggie
  5809 | D:6      | Found a runed translucent door.
  6035 | D:6      | Killed Maggie
  6036 | D:6      | Reached XP level 9. HP: 44/66 MP: 12/12
  6361 | D:6      | Reached skill level 5 in Fighting
  6523 | D:7      | Reached skill level 5 in Dodging
  6634 | D:7      | Found a shimmering blue altar of Sif Muna.
  6688 | D:7      | Found a broken altar of Ashenzari.
  6688 | D:7      | Found a shimmering altar of Xom.
  6727 | D:7      | Reached skill level 6 in Stealth
  6732 | D:7      | Noticed Pikel
  7097 | D:7      | Found an iron altar of Okawaru.
  7167 | D:7      | Found a basalt altar of Yredelemnul.
  7174 | D:7      | Reached ** piety under Dithmenos
  7175 | D:7      | Reached skill level 5 in Armour
  7420 | D:7      | Noticed Prince Ribbit
  7522 | D:8      | Found a glowing silver altar of Zin.
  7522 | D:8      | Found a sacrificial altar of Ru.
  7553 | D:7      | Reached skill level 5 in Evocations
  7966 | D:8      | Reached XP level 10. HP: 46/76 MP: 13/13
  8178 | D:8      | Found Inogoan's Hydra Hut.
  8226 | D:8      | Noticed Joseph
  8249 | D:8      | Noticed Erica
  8322 | D:8      | Identified the +6 rapier "Kogidegu" {flame, rElec}
  8338 | D:8      | Reached skill level 7 in Stealth
  8909 | D:8      | Found an opulent altar of Gozag.
  8989 | D:8      | Killed Joseph
  9223 | D:8      | Noticed a seven-headed hydra
  9247 | D:8      | Killed Erica
  9505 | D:8      | Found an ornate altar of the Wu Jian Council.
  9677 | D:9      | Noticed a salamander
  9696 | D:9      | Noticed a cyan ugly thing
  9708 | D:9      | Noticed a two-headed ogre
  9816 | D:9      | Noticed a death drake
 10093 | D:7      | Killed Pikel
 10094 | D:7      | Reached skill level 1 in Short Blades
 10112 | D:7      | Killed Prince Ribbit
 10365 | D:6      | Reached XP level 11. HP: 62/84 MP: 14/14
 10453 | D:6      | Reached *** piety under Dithmenos
 10658 | D:8      | Reached skill level 8 in Stealth
 10764 | D:9      | Killed a death drake
 10986 | D:9      | Killed a cyan ugly thing
 11549 | D:9      | Killed a two-headed ogre
 11633 | D:9      | Found a staircase to the Orcish Mines.
 11997 | D:10     | Entered Level 10 of the Dungeon
 12005 | D:10     | Reached **** piety under Dithmenos
 12205 | D:10     | Noticed a sea snake
 12284 | D:10     | Reached skill level 9 in Stealth
 12555 | D:9      | Reached skill level 1 in Shields
 12937 | D:10     | Noticed a +0 falchion
 12937 | D:10     | Noticed a +0 dagger
 12937 | D:10     | Noticed a +0 dagger
 12939 | D:10     | Reached XP level 12. HP: 93/93 MP: 15/15
 12939 | D:10     | Noticed a +0 short sword
 12941 | D:10     | Noticed a +0 spear
 12944 | D:10     | Noticed a +0 spear
 12951 | D:10     | Noticed a +0 falchion
 12953 | D:10     | Noticed a +0 short sword
 12976 | D:10     | Found a hide-covered altar of Uskayaw.
 13178 | D:10     | Found a staircase to the Lair.
 13382 | D:10     | Reached ***** piety under Dithmenos
 13412 | D:10     | Noticed a sea snake
 13682 | Lair:1   | Entered Level 1 of the Lair of Beasts
 13685 | Lair:1   | Reached skill level 5 in Short Blades
 14609 | D:10     | Reached skill level 10 in Stealth
 14912 | Lair:1   | Identified the +9 sling of Regicide {antimagic, rF+ Int-5
                  | Dex+9 Stlth+}
 14952 | Lair:1   | Noticed Amaemon
 14974 | Lair:2   | Found a hole to the Spider Nest.
 15219 | Lair:2   | Noticed an eight-headed hydra
 15240 | Lair:2   | Found a staircase to the Shoals.
 15481 | Lair:1   | Amaemon changed into Amaemon the meliai
 15481 | Lair:1   | Noticed Amaemon
 15486 | Lair:1   | Killed Amaemon the meliai
 15801 | Lair:2   | Killed an eight-headed hydra
 15802 | Lair:2   | Reached XP level 13. HP: 67/101 MP: 16/16
 16990 | Lair:3   | Noticed a five-headed hydra
 17023 | Lair:3   | Killed a five-headed hydra
 17189 | Lair:3   | You fall into a shaft and drop 2 floors!
 17189 | Lair:5   | Entered Level 5 of the Lair of Beasts
 17218 | Lair:5   | Reached skill level 10 in Fighting
 17218 | Lair:5   | Reached skill level 5 in Shields
 17461 | Lair:5   | Reached skill level 11 in Stealth
 17594 | Lair:5   | Noticed an eight-headed hydra
 17982 | Lair:4   | Noticed Urug
 17983 | Lair:4   | Noticed a four-headed hydra
 18081 | Lair:3   | Identified the +7 short sword of Puifus {distort, rElec
                  | rPois Str+3}
 18090 | Lair:3   | Reached skill level 10 in Armour
 18372 | Lair:3   | Killed a four-headed hydra
 18805 | Lair:4   | Reached skill level 1 in Invocations
 18835 | Lair:4   | Killed Urug
 18865 | Lair:4   | Found a staircase to the Slime Pits.
 19222 | Lair:4   | Found a runed translucent gate.
 19222 | Lair:4   | Found a runed translucent gate.
 19222 | Lair:4   | Found a runed translucent gate.
 19223 | Lair:4   | Noticed an acid blob
 19223 | Lair:4   | Noticed an acid blob
 19223 | Lair:4   | Noticed an azure jelly
 19224 | Lair:4   | Noticed a rockslime
 19225 | Lair:4   | Noticed baller8008's ghost (journeyman DECj)
 19225 | Lair:4   | Noticed an acid blob
 19226 | Lair:4   | Noticed an azure jelly
 19607 | Lair:4   | Reached ****** piety under Dithmenos
 19878 | Lair:4   | Reached XP level 14. HP: 111/111 MP: 17/17
 20136 | Lair:4   | Found a viscous altar of Jiyva.
 20735 | Lair:5   | Noticed Nessos
 21237 | Lair:5   | Reached skill level 12 in Stealth
 22072 | Lair:5   | Killed Nessos
 22163 | Lair:5   | Reached skill level 5 in Invocations
 24037 | D:11     | Noticed Lodul
 24051 | D:11     | Killed Lodul
 24271 | D:11     | Reached XP level 15. HP: 119/119 MP: 18/18
 24542 | D:11     | Reached skill level 10 in Dodging
 24664 | D:11     | Upgraded the game from 0.30-a0-867-g305f33218d to
                  | 0.30-a0-870-gc5d4c5acee
 26005 | D:12     | Found Darol's Magic Scroll Boutique.
 26088 | D:12     | Reached skill level 13 in Stealth
 26138 | D:12     | Learned a level 2 spell: Passwall
 26182 | D:12     | Noticed Erolcha
 26188 | D:12     | Killed Erolcha
 26214 | D:12     | Found an ancient bone altar of Kikubaaqudgha.
 26940 | D:12     | Reached skill level 1 in Earth Magic
 27010 | D:13     | Found a gate to the Vaults.
 27206 | D:13     | Reached skill level 10 in Short Blades
 27387 | D:13     | Found Nosasm's General Store.
 27395 | D:13     | Bought 3 curare-tipped darts for 57 gold pieces
 27395 | D:13     | Bought a scroll of identify for 32 gold pieces
 27629 | D:13     | Annihilated by a very large slime creature

Illustrated notes

Levels and vault maps discovered:
D:1:      lemuel_arrival_river_ford, layout_basic
D:2:      layout_basic
D:3:      layout_basic, makhleb_altar_promises_db, mainiacjoe_overflow_brackets,
          shapermc_ecumenical_altar_mp_urbaneastern, serial_park_tiny_2,
          kennysheep_generic_room_9, uniq_sigmund
D:4:      layout_loops_ring, nicolae_hepliaklqana_hippocampus,
          minmay_misc_feat_tower, chequers_serial_rivers_micro_d, nrook_uturn
D:5:      minmay_evil_eye, layout_basic, grunt_temple_overflow_forces_of_nature,
          minmay_temple_entry_gardened_gates
D:6:      layout_rooms, hellmonk_bongcloud_opening, lightli_church_of_beogh,
          uniq_maggie
D:7:      layout_rooms, hellmonk_okawaru_the_only_friend_you_need,
          lemuel_zombie_altar_yredelemnul, nicolae_overflow_two_pavilions,
          general_overflow_altar, serial_corexii_hall, corexii_hall_statues_x,
          corexii_hall_statues_t, chequers_hall_statues_corner_a,
          corexii_hall_statues_l, uniq_pikel, uniq_prince_ribbit1
D:8:      layout_layer_cave, jmf_multi_god_temple, minitemple,
          nicolae_water_bricks, doesnt_shop_hydraphobe, uniq_joseph, uniq_erica
D:9:      layout_small_grid, erik_orc_3, hangedman_decor_peaks_small,
          minmay_checkerbox
D:10:     layout_rooms, nicolae_uskayaw_en_pointe, erik_lair_dragon,
          serial_aquarium, aquarium_bridge_square [aquarium_subvault_window,
          aquarium_subvault_bridge, aquarium_subvault_bridge,
          aquarium_subvault_wall], aquarium_window_2, aquarium_window_fake,
          aquarium_window_corridor_3, aquarium_view_2f, special_room
          [special_room_orc]
D:11:     regret_index_combs_of_tragedy, layout_basic, uniq_lodul
D:12:     layout_loops_ring, serial_shops, nicolae_take_the_stairs,
          kiku_gazebo_garden_becter, uniq_erolcha
D:13:     layout_roguey, david_vaults_3, serial_shops, shop
Temple:   nicolae_temple_little_seven
Lair:1:   layout_misc_corridors, grunt_megastairs_2, uniq_amaemon
Lair:2:   layout_roguey, shoals_dummy_entry, spider_nest_entry_web_field,
          serial_forest, infiniplex_forest_lined_2,
          infiniplex_forest_clump_curved, infiniplex_forest_clump_large,
          infiniplex_forest_lined_corner, infiniplex_forest_clump_medium,
          infiniplex_staircase_pool_2
Lair:3:   layout_regular_city, chequers_serial_rivers_large_b,
          chequers_serial_rivers_micro_a
Lair:4:   layout_cave_pods, minmay_slime_entry_pillars, gammafunk_ghost_ooze,
          roderic_carrion_pond, uniq_urug
Lair:5:   minmay_lair_end_frog_pond, layout_cave_pods, serial_bayou_shore_b,
          uniq_nessos

Skill      XL: |  1  2  3  4  5  6  7  8  9 10 11 12 13 14 15 |
---------------+----------------------------------------------+-----
Fighting       | 2 3 4 5 7 8 9 10 11 12 | 12.2
Dodging        | 2 3 4 5 7 8 9 10 | 10.1
Armour         | 1 2 3 4 5 6 7 9 10 11 | 11.1
Spellcasting   | 2 |  2.0
Stealth        | 3 4 5 6 7 9 10 11 12 13 | 13.0
Evocations     | 1 2 4 5 6 7 |  7.4
Short Blades   | 1 4 6 8 9 10 | 10.0
Shields        | 1 4 5 6 |  6.5
Invocations    | 2 5 |  5.0
Earth Magic    | 2 |  2.8
Throwing       | |  1.0
Transmutations | |  0.1
Poison Magic   | |  4.3

Action                     |  1- 3 |  4- 6 |  7- 9 | 10-12 | 13-15 || total
---------------------------+-------+-------+-------+-------+-------++-------
  Melee: Dagger            |    56 |   111 |   241 |   854 |  1859 ||  3121
         Punch             |       |     1 |     2 |     8 |       ||    11
  Throw: Javelin           |       |     6 |    14 |     9 |    19 ||    48
         Dart              |       |     6 |    10 |    35 |    21 ||    72
         Boomerang         |       |     1 |    42 |    37 |    70 ||   150
   Cast: Sting             |     8 |     7 |       |       |       ||    15
Ability: Evoke Blink       |       |       |     1 |     5 |    17 ||    23
  Evoke: Wand              |       |     1 |     4 |    19 |    29 ||    53
         Piece from Xom's  |       |       |       |    14 |     5 ||    19
         Condenser vane    |       |       |       |       |     4 ||     4
    Use: Scroll            |     3 |     1 |     5 |     7 |     9 ||    25
         Potion            |       |       |       |     1 |     3 ||     4
   Stab: Sleeping          |    10 |     7 |    11 |    30 |    27 ||    85
         Distracted        |     1 |       |       |       |     9 ||    10
         Paralysed         |       |     1 |       |     5 |     3 ||     9
         Confused          |       |       |       |       |    10 ||    10
 Armour: Robe              |    10 |    16 |       |       |       ||    26
         Shadow dragon sca |       |    44 |   175 |   429 |   676 ||  1324
  Dodge: Dodged            |    27 |    38 |   202 |   567 |   987 ||  1821
  Block: Buckler           |       |       |       |   116 |   473 ||   589

Table legend: (Time is in decaauts)
 A = Elapsed time spent in this place.
 B = Non-inter-level travel time spent in this place.
 C = Inter-level travel time spent in this place.
 D = Time resting spent in this place.
 E = Time spent auto-exploring this place.
 F = Levels seen in this place.
 G = Mean time per level.
                   A        B        C        D        E       F      G
               +--------+--------+--------+--------+--------+-----+--------+
         Total |  26995 |  25268 |   1727 |   4064 |  11565 |  19 | 1420.8 |
       Dungeon |  17544 |  16237 |   1307 |   2004 |   7703 |  13 | 1349.5 |
        Temple |     48 |     48 |      0 |      0 |     23 |   1 |   48.0 |
          Lair |   9401 |   8981 |    420 |   2060 |   3838 |   5 | 1880.2 |
               +--------+--------+--------+--------+--------+-----+--------+

Top non-repeatable levels by time:
  Lair:5: 3226 daAuts
     D:8: 2480 daAuts
  Lair:4: 2013 daAuts
    D:10: 1868 daAuts
    D:11: 1665 daAuts
     D:4: 1641 daAuts
     D:7: 1636 daAuts
     D:9: 1591 daAuts
     D:5: 1480 daAuts
  Lair:1: 1470 daAuts
  Lair:2: 1374 daAuts
  Lair:3: 1316 daAuts
    D:12: 1112 daAuts
     D:6: 1082 daAuts
     D:1: 951 daAuts
